 Dungeon Crawl Stone Soup version 0.30.0-29-ga12c61a403 (webtiles) character file.

Game seed: 7686829110926941092

168 booth the Conjurer (level 5, 0/29 (32) HPs)
             Began as a Demonspawn Reaver on June 16, 2023.
             Slain by a scorpion (1 damage)
             ... on level 4 of the Dungeon on June 17, 2023.
             The game lasted 00:20:54 (2772 turns).

booth the Conjurer (Demonspawn Reaver)              Turns: 2772, Time: 00:20:55

HP:   0/29 (32)     AC: 15    Str: 15      XL:     5   Next: 23%
MP:   10/10         EV: 11    Int: 20      God:
Gold: 94            SH:  0    Dex:  9 (11) Spells: 3/9 levels left

rFire   . . .        a - +1 hand axe
rCold   . . .        (no shield)
rNeg    . . .        b - +0 leather armour
rPois   .            (helmet restricted)
rElec   .            l - +2 cloak
rCorr   .            f - +0 pair of gloves
SInv    .            e - +1 pair of boots
Will    .....        (no amulet)
Stlth   +            j - +6 ring of intelligence
HPRegen 0.24/turn    (no ring)
MPRegen 0.12/turn

%: no passive effects
@: lethally poisoned (0 -> -1), sanguine armoured, drained
A: horns 1, sanguine armour 1, frail 2, high MP 1
a: no special abilities


You were on level 4 of the Dungeon.
You visited 1 branch of the dungeon, and saw 4 of its levels.

You collected 94 gold pieces.

Inventory:

Hand Weapons
 a - a +1 hand axe (weapon)
Armour
 b - a +0 leather armour (worn)
 e - a +1 pair of boots (worn)
 f - a +0 pair of gloves (worn)
 g - a +0 ring mail
 l - a +2 cloak (worn)
Jewellery
 c - an amulet of faith
 j - a +6 ring of intelligence (left hand)
Wands
 k - a wand of roots (7)
Potions
 d - a potion of brilliance
 i - a potion of attraction


   Skills:
 + Level 3.0 Fighting
 + Level 3.3 Axes
 + Level 0.3 Armour
 + Level 2.6 Dodging
 + Level 2.8 Spellcasting
 + Level 3.7 Conjurations


You had 3 spell levels left.
You knew the following spells:

 Your Spells              Type           Power      Damage    Failure   Level
a - Kiss of Death         Conj/Necr      40%        2d8       9%          1
b - Momentum Strike       Conj/Tloc      20%        3d8       12%         2
c - Hailstorm             Conj/Ice       10%        3d5       24%         3

Your spell library contained the following spells:

 Spells                   Type           Power      Damage    Failure   Level
 Apportation              Tloc           4%         N/A       19%         1
 Beastly Appendage        Tmut           4%         N/A       19%         1
 Necrotise                Necr           8%         1d4       19%         1
 Slow                     Hex            8%         N/A       19%         1
 Summon Small Mammal      Summ           8%         N/A       19%         1
 Wereblood                Tmut           2%         N/A       26%         2
 Confusing Touch          Hex            2%         N/A       47%         3
 Inner Flame              Hex/Fire       2%         N/A       47%         3
 Spider Form              Tmut/Pois      2%         N/A       47%         3
 Vampiric Draining        Necr           2%         2d6       47%         3
 Yara's Violent Unravell  Hex/Tmut       1%         3d3       99%         5
 Enfeeble                 Hex            1%         N/A       100%        7


Dungeon Overview and Level Annotations

Branches:
Dungeon (4/15)
 Temple: D:4-7

Altars:
Gozag
Sif Muna
Trog


Innate Abilities, Weirdness & Mutations

You have a pair of small horns on your head.
When seriously injured, your blood forms armour. (AC +6)
You are very frail. (-20% HP)
You have an increased reservoir of magic. (+10% MP)


Message History

The scorpion stings you.
Your blood congeals into armour.
You are more poisoned.
The scorpion poisons you!
You barely miss the scorpion. You headbutt the scorpion.
The scorpion is moderately wounded.
You feel very sick.
The scorpion stings you but does no damage.
You closely miss the scorpion.
The scorpion is moderately wounded.
You feel very sick.
The scorpion stings you but does no damage.
The scorpion closely misses you.
You hit the scorpion.
The scorpion is moderately wounded.
* * * LOW HITPOINT WARNING * * *
You feel sick. The scorpion barely misses you.
You hit the scorpion.
The scorpion is moderately wounded.
* * * LOW HITPOINT WARNING * * *
You feel sick.
The scorpion stings you but does no damage.
It was a potion of magic.
Magic courses through your body.
* * * LOW HITPOINT WARNING * * *
You feel sick. The scorpion stings you.
* * * LOW HITPOINT WARNING * * *
The scorpion stings you but does no damage.
You hit the scorpion but do no damage. Your headbutt misses the scorpion.
The scorpion is moderately wounded.
* * * LOW HITPOINT WARNING * * *
You feel sick.
The scorpion stings you but does no damage.
You hit the scorpion but do no damage. Your punch misses the scorpion.
The scorpion is moderately wounded.
* * * LOW HITPOINT WARNING * * *
You feel sick. The scorpion barely misses you.
You hit the scorpion but do no damage. Your headbutt misses the scorpion.
The scorpion is moderately wounded.
* * * LOW HITPOINT WARNING * * *
You feel sick. The scorpion stings you.
You die...

# #. . #. ..
##.###
...#...@#
#..#..s##
#...#..###
#...#...#..##
..#...#...#.#
#...#...#...#
).#...#...#.#
#...#...#...#
..#...#...#.##


You could see a scorpion.

Vanquished Creatures
  Crazy Yiuf (D:3)
  A hound (D:3)
  3 adders
  3 gnolls (D:2)
  A shadow imp (D:3)
  A worm (D:2)
  2 dart slugs
  2 ball pythons
  4 endoplasms
  3 giant cockroaches
  4 goblins
  2 hobgoblins
  A quokka (D:1)
  4 bats
  3 frilled lizards
  3 kobolds
  2 rats
40 creatures vanquished.

Notes
Turn   | Place    | Note
-------+----------+-------------------------------------------
     0 | D:1      | booth the Demonspawn Reaver began the quest for the Orb.
     0 | D:1      | Reached XP level 1. HP: 16/16 MP: 3/3
   493 | D:1      | Gained mutation: When seriously injured, your blood forms
                  | armour. (AC +6) [demonic ancestry]
   493 | D:1      | Reached XP level 2. HP: 7/22 MP: 5/5
   908 | D:2      | Learned a level 2 spell: Momentum Strike
   942 | D:2      | HP: 1/22 [gnoll/+0 whip (1)]
   948 | D:2      | Reached XP level 3. HP: 12/26 MP: 4/6
  1388 | D:2      | Found a shimmering blue altar of Sif Muna.
  1573 | D:2      | Learned a level 3 spell: Hailstorm
  1755 | D:2      | Gained mutation: You have a pair of small horns on your
                  | head. [demonic ancestry]
  1755 | D:2      | Reached XP level 4. HP: 30/33 MP: 7/7
  1852 | D:2      | Gained mutation: You are frail. (-10% HP) [potion of
                  | mutation]
  1852 | D:2      | Gained mutation: You are very frail. (-20% HP) [potion of
                  | mutation]
  1852 | D:2      | Gained mutation: You have an increased reservoir of magic.
                  | (+10% MP) [potion of mutation]
  2113 | D:3      | Found an opulent altar of Gozag.
  2115 | D:3      | Found a bloodstained altar of Trog.
  2448 | D:3      | Reached XP level 5. HP: 32/32 MP: 10/10
  2520 | D:3      | Found a runed translucent door.
  2521 | D:3      | Noticed Crazy Yiuf
  2529 | D:3      | Killed Crazy Yiuf
  2772 | D:4      | HP: 1/29 [poisoned by a scorpion]
  2772 | D:4      | Slain by a scorpion

Illustrated notes

Levels and vault maps discovered:
D:1:      elethiomel_arrival_infinity_welcomes_careful_drivers, layout_rooms
D:2:      layout_basic, basic_altar, serial_bayou_pond_b, minmay_between
D:3:      layout_rooms, nicolae_overflow_hidden_temple,
          nicolae_figureground_sparkle, uniq_crazy_yiuf_cottage
D:4:      layout_basic, nicolae_vehumet_radiance, lemuel_doored_altar,
          minmay_temple_entry_junction, serial_shops,
          nicolae_shop_just_a_little_nook, shop, hex_medium,
          nicolae_kite_square_tiling_tiny, uniq_ijyb, uniq_sigmund

Skill      XL: |  1  2  3  4  5 |
---------------+----------------+-----
Dodging        | 2 |  2.6
Axes           | 3 |  3.3
Fighting       | 3 |  3.0
Armour         | |  0.3
Spellcasting   | |  2.8
Conjurations   | |  3.7

Action                     |  1- 3 |  4- 6 || total
---------------------------+-------+-------++-------
  Melee: Hand axe          |   115 |    64 ||   179
         Headbutt          |       |    11 ||    11
   Cast: Kiss of Death     |     3 |     1 ||     4
    Use: Scroll            |     4 |     4 ||     8
         Potion            |     3 |     4 ||     7
   Stab: Invisible         |       |     2 ||     2
 Armour: Leather armour    |    35 |    27 ||    62
  Dodge: Dodged            |    72 |    43 ||   115
